 Dungeon Crawl Stone Soup version 0.17.1-2-g5865329 (webtiles) character file.

1090 CopycatKevin the Shield-Bearer (level 8, -6/70 HPs)
             Began as a Minotaur Fighter on Feb 22, 2016.
             Killed from afar by a white imp (10 damage)
             ... with a puff of frost
             ... summoned by Eustachio
             ... on level 5 of the Dungeon on Feb 23, 2016.
             The game lasted 00:39:20 (2585 turns).

CopycatKevin the Shield-Bearer (Minotaur Fighter)   Turns: 2585, Time: 00:39:20

Health: -6/70      AC: 14    Str: 22    XL:     8   Next: 9%
Magic:  7/7        EV:  5    Int:  5    God:
Gold:   161        SH: 10    Dex: 11    Spells: 0 memorised, 7 levels left

rFire  . . .     SeeInvis .     g - +4 flail (protect)
rCold  . . .     Clarity  .     n - +0 scale mail
rNeg   . . .     SustAt   .     c - +0 shield
rPois  .         Gourm    .     (helmet restricted)
rElec  .         Spirit   .     (no cloak)
rCorr  .         Warding  .     i - +1 pair of gloves
rMut   .         Rnd*Tele +     (no boots)
MR     .....                    (no amulet)
Stlth  ..........               (no ring)
                                m - ring of teleportation (curse)

@: not resistant to hostile enchantments, extremely unstealthy
A: retaliatory headbutt, horns 2
a: Evoke Teleportation


You were on level 5 of the Dungeon.
You were not hungry.

You visited 1 branch of the dungeon, and saw 5 of its levels.

You collected 161 gold pieces.

Inventory:

Hand Weapons
 g - a +4 flail of protection (weapon)
 q - a +0 war axe
Missiles
 k - 73 stones (quivered)
Armour
 b - a +0 scale mail
 c - a +0 shield (worn)
 h - a +0 chain mail
 i - a +1 pair of gloves (worn)
 n - a +0 scale mail (worn)
Jewellery
 m - a cursed ring of teleportation (left hand)
Scrolls
 l - 3 scrolls of enchant armour {unknown}
 B - a scroll of amnesia {unknown}
Potions
 z - 2 potions of curing
 D - a potion of haste {unknown}
Comestibles
 C - a bread ration


   Skills:
 - Level 5.7 Fighting
 - Level 5.3(5.6) Axes
 - Level 2.5(4.2) Maces & Flails
 - Level 5.9 Armour
 + Level 4.0 Dodging
 - Level 1.0 Stealth
 + Level 6.7 Shields


You had 7 spell levels left.
You didn't know any spells.

Dungeon Overview and Level Annotations

Branches:
Dungeon (5/15)
 Temple: D:4-7

Altars:
Dithmenos
Makhleb
Vehumet

Annotations:
D:5 Eustachio


Innate Abilities, Weirdness & Mutations

You reflexively headbutt those who attack you in melee.
You have a pair of horns on your head.


Message History

Okay, then.
Drink which item? (? for menu, Esc to quit)
Okay, then.
The white imp hits you.
* * * LOW HITPOINT WARNING * * *
The white imp freezes you.
* * * LOW HITPOINT WARNING * * *
Eustachio utters an oath, "I will die for my friends!"
The white imp gestures at you. The puff of frost hits you!
The shadow imp gestures at you. Pain shoots through your body!
* * * LOW HITPOINT WARNING * * *
There is a stone staircase leading up here.
Eustachio gestures wildly while chanting.
Eustachio blinks!
The white imp summons a swarm of flies.
The white imp gestures at you. The puff of frost hits you!
You die...

#..............##.# .
#.............##.## .######.
#.#..........##..## .....#..
####.................#####......
#....#................#......#..
##(...).................##......
#∩_.......).....55.........>....
##.............>.§..............
#..#.........@@.5..............
###...........#................
#............................
.............#..#.......#..(..
##..............######.######(.
#.....#####....# #.# #(. ..#
.....# #? #(. #.. ## #+ #..
.⌠#####.)


You could see Eustachio, a crimson imp, a white imp and a shadow imp.

Vanquished Creatures
  The ghost of nuclearwhale the Vandal, an amateur HaHu (D:4)
  A black bear (D:4)
  A phantom (D:4)
  2 ogres (D:4)
  A centaur (D:5)
  A scorpion (D:4)
  2 crimson imps (D:5)
  A hound (D:5)
  Ijyb (D:3)
  3 orc priests
  2 worker ants (D:4)
  An iguana (D:3)
  Terence (D:3)
  A hound skeleton (D:4)
  5 adders
  2 oozes
  A giant gecko (D:5)
  10 orcs
  2 ball pythons
  A giant cockroach (D:1)
  2 hobgoblins
  5 kobolds
  A quokka (D:4)
  3 bats (D:1)
  5 giant newts (D:1)
  7 goblins
  A jackal skeleton (D:5)
  10 rats
74 creatures vanquished.

Vanquished Creatures (others)
  An orc (D:5)
1 creature vanquished.

Grand Total: 75 creatures vanquished

Notes
Turn   | Place    | Note
--------------------------------------------------------------
     0 | D:1      | CopycatKevin the Minotaur Fighter began the quest for the Orb.
     0 | D:1      | Reached XP level 1. HP: 19/19 MP: 0/0
   211 | D:1      | Reached XP level 2. HP: 27/27 MP: 1/1
   276 | D:1      | Reached skill level 4 in Armour
   721 | D:1      | Reached XP level 3. HP: 33/33 MP: 2/2
  1561 | D:3      | Reached XP level 4. HP: 16/40 MP: 3/3
  1573 | D:3      | Found a radiant altar of Vehumet.
  1620 | D:3      | Noticed Ijyb
  1648 | D:3      | Killed Ijyb
  1760 | D:3      | Noticed Terence
  1767 | D:3      | Reached skill level 1 in Dodging
  1773 | D:3      | Killed Terence
  1773 | D:3      | Reached XP level 5. HP: 20/46 MP: 4/4
  1934 | D:4      | Found a shadowy altar of Dithmenos.
  1972 | D:4      | Noticed an ogre
  1977 | D:4      | Killed an ogre
  1977 | D:4      | Reached skill level 5 in Armour
  1977 | D:4      | Reached skill level 1 in Stealth
  1977 | D:4      | Reached skill level 5 in Shields
  1977 | D:4      | Reached XP level 6. HP: 43/53 MP: 5/5
  2043 | D:4      | Noticed a phantom
  2053 | D:4      | Killed a phantom
  2060 | D:4      | Noticed a black bear
  2073 | D:4      | Killed a black bear
  2073 | D:4      | Reached skill level 5 in Fighting
  2073 | D:4      | Reached skill level 1 in Maces & Flails
  2104 | D:4      | Reached XP level 7. HP: 55/61 MP: 6/6
  2176 | D:4      | Noticed nuclearwhale's ghost (amateur HaHu)
  2186 | D:4      | Killed nuclearwhale's ghost
  2186 | D:4      | Reached skill level 6 in Shields
  2428 | D:4      | Noticed an ogre
  2434 | D:4      | Killed an ogre
  2434 | D:4      | Reached skill level 5 in Axes
  2444 | D:5      | Entered Level 5 of the Dungeon
  2448 | D:5      | Noticed Eustachio
  2478 | D:5      | Reached XP level 8. HP: 32/69 MP: 7/7
  2486 | D:5      | Found a burning altar of Makhleb.
  2585 | D:5      | Killed from afar by a white imp

Action                   |  1- 3 |  4- 6 |  7- 9 || total
-------------------------+-------+-------+-------++-------
Melee: War axe           |    75 |    31 |    42 ||   148
       Flail             |       |    35 |    15 ||    50
  Use: Scroll            |     2 |     1 |       ||     3
       Potion            |       |     4 |     3 ||     7
  Eat: Bread ration      |     1 |       |       ||     1
       Meat ration       |       |       |     1 ||     1
